AoeStats
← DiPunisher

Arabia

508056403Analyzed
1v1 RM · 12d ago on Sep 20, 2026· 33m 51s· 2 players
Game mode
Random Map
Map size
Tiny (2 player)
Population
200
Speed
Normal
Resources
Standard
Victory
Conquest
Starting age
Dark Age
Ending age
Imperial Age
RankedLock teamsTeams togetherTeam positionsShared explorationLock speedFull tech treeHidden civsTurbo modeCheats
Victory
Defeat
🇧🇷 Teutons · Brazil
743
+16
🇳🇱 Bulgarians · Netherlands
745
-16
DiPunisher
1:04 Loom
10:05 Feudal Age
11:12 Double-Bit Axe
17:10 Man-at-Arms
18:38 Arson
22:27 Castle Age
20:55 Scale Mail Armor
22:35 Long Swordsman
23:00 Gambesons
23:54 Forging
24:24 Wheelbarrow
26:38 Hand Cart
26:56 Gold Mining
26:57 Stone Mining
27:21 Bow Saw
27:33 Pikeman
28:38 Padded Archer Armor
29:11 Town Watch
30:57 Horse Collar
31:32 Squires
Djayootje
10:58 Feudal Age
13:58 Scale Mail Armor
14:09 Forging
18:04 Scale Barding Armor
22:00 Castle Age
23:16 Horse Collar
24:24 Arson
25:56 Iron Casting
31:53 Bloodlines
Connection lost

Rejoining the realm…

Still unreachable

The connection could not be restored.

Session expired

The server has moved on; the page needs a fresh start.